 Dungeon Crawl Stone Soup version 0.25-a0-420-g1cc7eeb0d1 (webtiles) character file.

Game seed: 17367629620672212529, levelgen mode: deterministic

11289 ShapeOfThought the Fighter (level 11, 0/102 HPs)
             Began as a Minotaur Gladiator on Jan 18, 2020.
             Was an Elder of Okawaru.
             Splashed by a brown ugly thing's acid (11 damage)
             ... on level 9 of the Dungeon.
             The game lasted 00:49:17 (9483 turns).

ShapeOfThought the Fighter (Minotaur Gladiator)     Turns: 9483, Time: 00:49:17

Health: 0/102      AC:  8    Str: 27    XL:     11   Next: 47%
Magic:  10/10      EV: 16    Int:  5    God:    Okawaru [****..]
Gold:   279        SH:  0    Dex: 11    Spells: 10/10 levels left

rFire    + . .     SeeInvis .   l - +2 flail (venom)
rCold    . . .     Gourm    .   (no shield)
rNeg     . . .     Faith    .   w - +3 chain mail {rF+}
rPois    .         Spirit   .   R - +2 hat {MR+}
rElec    .         Reflect  .   (no cloak)
rCorr    .         Harm     .   I - +0 pair of gloves (curse)
MR       +....                  H - +1 pair of boots {Fly}
Stlth    ..........             (no amulet)
HPRegen  0.27/turn              x - +3 ring of evasion
MPRegen  0.12/turn              B - +4 ring of strength

@: corroded
A: retaliatory headbutt, horns 2
a: Heroism, Renounce Religion, Evoke Flight


You were on level 9 of the Dungeon.
You worshipped Okawaru.
Okawaru was greatly pleased with you.
You were not hungry.

You visited 2 branches of the dungeon, and saw 10 of its levels.

You collected 526 gold pieces.
You spent 247 gold pieces at shops.

Inventory:

Hand Weapons
 l - a +2 flail of venom (weapon)
 y - a +1 great mace of protection
 K - a +0 hand axe of flaming
 M - a +0 vampiric falchion
 N - a +2 spear of venom
Missiles
 d - 5 throwing nets
 h - 76 poisoned darts (quivered)
 t - 167 stones
Armour
 c - a +0 cloak
 w - a +3 chain mail of fire resistance (worn)
 H - a +1 pair of boots of flying (worn)
 I - a cursed +0 pair of gloves (worn)
 O - a +0 scale mail of cold resistance
 R - a +2 hat of magic resistance (worn)
Jewellery
 a - an uncursed ring of protection from fire {unknown}
 e - an uncursed ring of fire {unknown}
 x - a +3 ring of evasion (left hand)
 B - a +4 ring of strength (right hand)
 S - an uncursed amulet of harm
Wands
 b - a wand of digging (1)
 p - a wand of acid (15)
 s - a wand of paralysis (5)
 J - a wand of disintegration (10)
Scrolls
 g - 3 scrolls of immolation {unknown}
 i - a scroll of noise {unknown}
 m - 4 scrolls of remove curse
 o - a scroll of enchant armour {unknown}
 r - a scroll of random uselessness {unknown}
 u - 3 scrolls of magic mapping {unknown}
 D - a scroll of blinking {unknown}
 F - 3 scrolls of teleportation {unknown}
 G - a scroll of amnesia {unknown}
 Q - a scroll of acquirement {unknown}
Potions
 j - a potion of heal wounds
 k - 3 potions of curing
 n - 3 potions of haste
 z - 2 potions of agility {unknown}
 A - 2 potions of cancellation {unknown}
 C - 5 potions of brilliance {unknown}
 E - a potion of might
 L - 2 potions of mutation
 P - a potion of magic
Comestibles
 f - 16 rations


   Skills:
 + Level 11.0 Fighting
 - Level 6.4(9.0) Axes
 + Level 9.6(10.4) Maces & Flails
 + Level 9.4 Throwing
 - Level 1.0 Armour
 + Level 10.5 Dodging


You had 10 spell levels left.
You didn't know any spells.
Your spell library contained the following spells:

 Spells                   Type           Power        Failure   Level  Hunger
 Corona                   Hex            #......      98%         1    ##.....
 Foxfire                  Conj/Fire      #...         98%         1    ##.....
 Conjure Flame            Conj/Fire      #.......     100%        3    ####...
 Inner Flame              Hex/Fire       #.......     100%        3    ####...
 Sticky Flame             Conj/Fire      #.......     100%        4    #####..
 Fireball                 Conj/Fire      #.........   100%        5    ######.


Dungeon Overview and Level Annotations

Branches:
Dungeon (9/15)             Temple (1/1) D:7            Lair (0/6) D:9
    Orc: D:9-12

Altars:
Ashenzari
Cheibriados
Dithmenos
Elyvilon
Fedhas
Gozag
Hepliaklqana
Kikubaaqudgha
Makhleb
Nemelex Xobeh
Okawaru
Qazlal
Ru
Sif Muna
Trog
Uskayaw
Vehumet
Wu Jian
Xom
Yredelemnul
Zin
The Shining One

Shops:
D:5 **[*(   D:7 !

Annotations:
D:9 1 transporter


Innate Abilities, Weirdness & Mutations

You reflexively headbutt those who attack you in melee.
You have a pair of horns on your head.


Message History

The floor.
Unknown command.
You barely miss the brown ugly thing.
Your headbutt misses the brown ugly thing.
The brown ugly thing is heavily wounded.
The brown ugly thing closely misses you.
You closely miss the brown ugly thing.
The brown ugly thing is heavily wounded.
The brown ugly thing gores you.
* * * LOW HITPOINT WARNING * * *
The acid corrodes you!
You are splashed with acid!
* * * LOW HITPOINT WARNING * * *
You see here 3 boomerangs.
The brown ugly thing gores you but does no damage.
You feel better.
The brown ugly thing gores you but does no damage.
The brown ugly thing gores you!
* * * LOW HITPOINT WARNING * * *
You are splashed with acid!
You die...

#######.....#............♣....
#...........................
#.........#.................
#.........#...............♣.
#.........#.................
#####.....#.................
#.....#.....(..........♣
##########.....#.................
...............#@.............)..
.######........#u.............P..
.######(##.....#.................
(##............#.................
.##............#.................
.##......(.....#.................
.##............#.................
.##............#.................
.##......(.....#.................


You could see a brown ugly thing.

Vanquished Creatures
  Gastronok (D:8)
  Harold (D:8)
  A two-headed ogre (D:8)
  An unseen horror (D:9)
  4 ugly things (D:9)
  A hippogriff (D:9)
  4 hogs (D:9)
  A human (D:9)
  13 yaks
  Edmund (D:6)
  2 porcupines (D:9)
  A water moccasin (D:9)
  2 ice beasts
  2 orc warriors
  An eye of draining (D:8)
  A black bear (D:6)
  2 sky beasts (D:8)
  5 ogres
  2 centaurs
  3 crocodiles (D:9)
  2 bullfrogs
  A water moccasin zombie (D:8)
  3 scorpions
  2 howler monkeys
  2 crimson imps
  A centaur zombie (D:5)
  2 hounds
  7 orc wizards
  An orc priest (D:4)
  3 bullfrog skeletons
  Ijyb (D:3)
  3 iguanas
  5 worker ants
  A hound skeleton (D:5)
  A worker ant zombie (D:5)
  A howler monkey skeleton (D:5)
  11 gnolls
  7 adders
  2 shadow imps
  An ooze (D:2)
  An adder zombie (D:7)
  4 adder skeletons
  2 worms (D:2)
  2 dart slugs
  3 leopard geckos
  20 orcs
  4 bats (D:1)
  8 giant cockroaches
  9 hobgoblins
  6 jackals
  8 kobolds
  4 quokkas
  A ball python (D:1)
  A ball python skeleton (D:4)
  7 frilled lizards
  9 goblins
  A leopard gecko zombie (D:6)
  A quokka zombie (D:6)
  8 rats
205 creatures vanquished.

Vanquished Creatures (others)
  2 bushes (D:9)
  5 fungi (D:9)
  11 plants (D:9)
18 creatures vanquished.

Grand Total: 223 creatures vanquished

Notes
Turn   | Place    | Note
-------+----------+-------------------------------------------
     0 | D:1      | ShapeOfThought the Minotaur Gladiator began the quest for
                  | the Orb.
     0 | D:1      | Reached XP level 1. HP: 18/18 MP: 0/0
   121 | D:1      | Reached XP level 2. HP: 16/25 MP: 1/1
   494 | D:1      | Reached skill level 1 in Armour
   591 | D:1      | Reached XP level 3. HP: 25/30 MP: 2/2
  1091 | D:2      | Reached skill level 3 in Fighting
  1639 | D:3      | Noticed Ijyb
  1650 | D:3      | Killed Ijyb
  1650 | D:3      | Reached XP level 4. HP: 15/38 MP: 3/3
  1909 | D:3      | Reached XP level 5. HP: 43/45 MP: 4/4
  1950 | D:3      | Reached skill level 5 in Axes
  2623 | D:4      | Reached skill level 4 in Fighting
  2767 | D:4      | Reached XP level 6. HP: 34/52 MP: 5/5
  2897 | D:5      | Entered Level 5 of the Dungeon
  2900 | D:5      | Noticed an ice beast
  2912 | D:5      | Killed an ice beast
  3129 | D:5      | Reached skill level 5 in Dodging
  3286 | D:5      | Found Wetot's Antique Weapon Shoppe.
  3328 | D:5      | Found Tetai's General Store.
  3361 | D:5      | Reached XP level 7. HP: 56/60 MP: 6/6
  3408 | D:5      | Found Inoh Tya's General Store.
  3431 | D:5      | Reached skill level 5 in Fighting
  3642 | D:5      | Found a radiant altar of Vehumet.
  3771 | D:5      | Found Vidy's Antique Armour Shop.
  3867 | D:5      | Found Acaq's Assorted Antiques.
  4154 | D:5      | Bought a +1 pair of boots of flying for 247 gold pieces
  4191 | D:6      | Noticed Edmund
  4208 | D:6      | Killed Edmund
  4411 | D:5      | Reached skill level 1 in Maces & Flails
  4418 | D:5      | Reached XP level 8. HP: 45/70 MP: 7/7
  4564 | D:5      | Reached skill level 6 in Fighting
  4564 | D:5      | Reached skill level 5 in Throwing
  4928 | D:6      | Reached skill level 7 in Fighting
  5030 | D:6      | Reached XP level 9. HP: 64/79 MP: 8/8
  5484 | D:7      | Found Qotasay's Distillery.
  5507 | D:7      | Got a transparent falchion
  5568 | D:7      | Reached skill level 5 in Maces & Flails
  5672 | D:7      | Found a shimmering blue altar of Sif Muna.
  5686 | D:7      | Identified Sif Muna's Compendium of Malediction
  5767 | D:7      | Found a staircase to the Ecumenical Temple.
  5798 | Temple   | Entered the Ecumenical Temple
  6128 | Temple   | Became a worshipper of Warmaster Okawaru
  6424 | D:8      | Noticed a two-headed ogre
  6436 | D:8      | Killed a two-headed ogre
  6436 | D:8      | Reached skill level 8 in Fighting
  6713 | D:8      | Reached * piety under Okawaru
  6892 | D:8      | Noticed Gastronok
  6986 | D:8      | Killed Gastronok
  6986 | D:8      | Reached skill level 9 in Fighting
  6986 | D:8      | Reached XP level 10. HP: 80/91 MP: 9/9
  7320 | D:8      | Noticed Harold
  7344 | D:8      | Killed Harold
  7344 | D:8      | Reached ** piety under Okawaru
  8024 | D:9      | Reached skill level 10 in Fighting
  8416 | D:9      | Reached *** piety under Okawaru
  8642 | D:9      | Killed an unseen horror
  8642 | D:9      | Reached skill level 10 in Dodging
  8642 | D:9      | Reached XP level 11. HP: 72/101 MP: 10/10
  8845 | D:9      | Received a gift from Okawaru
  8911 | D:9      | Found a staircase to the Lair.
  9000 | D:9      | Found a transporter.
  9049 | D:9      | Found a runed translucent gate.
  9049 | D:9      | Found a runed translucent gate.
  9050 | D:9      | Noticed a cyan ugly thing
  9050 | D:9      | Noticed a purple ugly thing
  9051 | D:9      | Noticed a brown ugly thing
  9052 | D:9      | Found a runed translucent gate.
  9052 | D:9      | Noticed a red ugly thing
  9052 | D:9      | Noticed a cyan ugly thing
  9336 | D:9      | Killed a red ugly thing
  9363 | D:9      | Killed a purple ugly thing
  9363 | D:9      | Reached **** piety under Okawaru
  9385 | D:9      | Killed a cyan ugly thing
  9385 | D:9      | Reached skill level 11 in Fighting
  9420 | D:9      | Killed a brown ugly thing
  9483 | D:9      | Splashed by a brown ugly thing's acid

Levels and vault maps discovered:
D:1:      giann_wishing_wells, layout_loops_ring, chequers_big_river
D:2:      layout_rooms
D:3:      layout_rooms, uniq_ijyb
D:4:      layout_cave_pools, first_ration
D:5:      layout_cave_pools, lemuel_doored_altar, serial_shops, shop, shop,
          nicolae_shop_overgrown_old_shop, shop, shop
D:6:      layout_cave_pools, uniq_edmund
D:7:      layout_rooms, minmay_temple_entry_statues_pillars, serial_shops,
          shop_statue, led_sif_book
D:8:      layout_loops_ring, lemuel_flame_loot_1, uniq_gastronok, uniq_harold
D:9:      gammafunk_jiyva_shrine, layout_basic, minmay_lair_entry_grove,
          ploomutoo_gammafunk_ghost_potion_laboratory, grunt_livestock
Temple:   dpeg_three_leaves_temple

Skill      XL: |  1  2  3  4  5  6  7  8  9 10 11 |
---------------+----------------------------------+-----
Axes           | 4 5 6 |  6.4
Armour         | 1 |  1.0
Fighting       | 3 4 5 7 9 10 11 | 11.0
Dodging        | 4 5 6 7 9 10 | 10.5
Throwing       | 3 4 6 8 9 |  9.4
Maces & Flails | 1 4 7 8 9 |  9.6

Action                   |  1- 3 |  4- 6 |  7- 9 | 10-12 || total
-------------------------+-------+-------+-------+-------++-------
Melee: War axe           |    82 |   105 |    48 |       ||   235
       Headbutt          |    13 |    15 |    47 |    46 ||   121
       Flail             |       |       |   156 |   189 ||   345
Throw: Dart              |       |       |    14 |    11 ||    25
 Abil: Stop Flying       |       |       |     1 |       ||     1
  Use: Scroll            |     4 |     1 |     4 |     4 ||    13
       Potion            |       |       |     1 |     4 ||     5
 Stab: Sleeping          |       |     1 |       |       ||     1
  Eat: Chunk             |     2 |     4 |     9 |     4 ||    19
       Ration            |       |       |     1 |     2 ||     3
Armor: Leather armour    |    12 |    13 |     7 |       ||    32
       Chain mail        |       |       |    74 |    96 ||   170
Dodge: Dodged            |    65 |    69 |   151 |   102 ||   387

Table legend:
 A = Non-vault XP
 B = Vault XP
 C = Vault XP percentage of total XP
 D = Non-vault monster count
 E = Vault monster count
 F = Vault count percentage of total count
                 A         B        C        D         E       F
            +---------+---------+-------+---------+---------+-------
      Total |    7536 |    8592 |  53.3 |     179 |      26 |  12.7
            +---------+---------+-------+---------+---------+-------
        D:1 |      51 |       0 |   0.0 |      29 |       0 |   0.0
        D:2 |      35 |       0 |   0.0 |      15 |       0 |   0.0
        D:3 |     186 |      36 |  16.2 |      25 |       1 |   3.8
        D:4 |     106 |       0 |   0.0 |      12 |       0 |   0.0
        D:5 |    1031 |       0 |   0.0 |      26 |       0 |   0.0
        D:6 |    1351 |     158 |  10.5 |      20 |       1 |   4.8
        D:7 |     680 |      70 |   9.3 |      17 |       2 |  10.5
        D:8 |    1932 |    3485 |  64.3 |      17 |       2 |  10.5
        D:9 |    2164 |    4843 |  69.1 |      18 |      20 |  52.6
            +---------+---------+-------+---------+---------+-------
